 Dungeon Crawl Stone Soup version 0.21-a0-361-g4efd3f9 (webtiles) character file.

70138 Dfrag the Devastator (level 14, -1/85 HPs)
             Began as a Demonspawn Fire Elementalist on Oct 13, 2017.
             Was the Champion of Makhleb.
             Slain by a soldier ant (6 damage)
             ... on level 6 of the Lair of Beasts.
             The game lasted 00:39:17 (19642 turns).

Dfrag the Devastator (DsFE)                        Turns: 19642, Time: 00:39:18

Health: -1/85      AC:  2    Str:  8    XL:     14   Next: 93%
Magic:  0/53       EV: 15    Int: 23    God:    Makhleb [******]
Gold:   1329       SH:  0    Dex: 15    Spells: 19/41 levels left

rFire    + . .     SeeInvis .   E - +7 long sword of Untimely Demise {slice, rC+}
rCold    + . .     Gourm    .   (no shield)
rNeg     . . .     Faith    .   a - +0 robe
rPois    .         Spirit   +   N - +2 hat {MR+}
rElec    .         Reflect  .   J - +0 cloak
rCorr    .         Harm     +   Q - +0 pair of gloves
MR       ++...                  (no boots)
Stlth    +++.......             s - amulet of harm
HPRegen  0.24/turn              C - ring of magical power
MPRegen  0.33/turn              v - ring of magical power

@: lethally poisoned (-1 -> -47), about to teleport, corroded
A: hooves 2, repulsion field 2, camouflage 1, clever 1, fire resistance 1, high
mp 1, ignite blood, magic shield, flame cloud immunity
a: Minor Destruction, Lesser Servant of Makhleb, Major Destruction, Greater
Servant of Makhleb, Renounce Religion


You were on level 6 of the Lair of Beasts.
You worshipped Makhleb.
Makhleb was exalted by your worship.
You were hungry.

You visited 2 branches of the dungeon, and saw 18 of its levels.
You also visited: Labyrinth and Ice Cave.

You collected 1329 gold pieces.

Inventory:

Hand Weapons
 o - a +2 short sword of freezing
 E - the +7 long sword of Untimely Demise (weapon) {slice, rC+}
   (You found it on level 7 of the Dungeon)

   It inflicts extra damage upon your enemies.
   It protects you from cold.
Armour
 a - a +0 robe (worn)
 J - a +0 cloak (worn)
 N - a +2 hat of magic resistance (worn)
 Q - a +0 pair of gloves (worn)
Jewellery
 s - an amulet of harm (around neck)
 v - a ring of magical power (right hand)
 C - a ring of magical power (left hand)
Wands
 w - a wand of digging (15/24)
 O - a wand of flame (18/48)
 R - a wand of iceblast (10/15)
Scrolls
 f - 14 scrolls of remove curse
 h - 7 scrolls of fog
 i - 4 scrolls of enchant weapon
 j - 2 scrolls of recharging
 k - 5 scrolls of amnesia
 l - a scroll of blinking {unknown}
 q - 5 scrolls of noise
 r - 4 scrolls of immolation
 u - 5 scrolls of identify
 y - 2 scrolls of random uselessness
 D - 4 scrolls of teleportation
 F - 3 scrolls of magic mapping
 P - 2 scrolls of silence {unknown}
 S - 4 scrolls of enchant armour
 Y - a scroll of holy word {unknown}
Potions
 d - 2 potions of mutation
 e - 4 potions of heal wounds
 m - a potion of cancellation {unknown}
 p - 6 potions of agility
 t - 2 potions of resistance {unknown}
 A - 3 potions of brilliance {unknown}
 B - 2 potions of lignification
 G - a potion of haste {unknown}
 H - 5 potions of curing
 I - a potion of might {unknown}
 K - 4 potions of ambrosia
 M - 2 potions of berserk rage {unknown}
 V - a potion of flight {unknown}
 Z - a potion of degeneration {unknown}
Books
 b - a book of Flames

   Spells                             Type                      Level
   a - Flame Tongue                   Conjuration/Fire             1
   b - Throw Flame                    Conjuration/Fire             2
   c - Conjure Flame                  Conjuration/Fire             3
   d - Inner Flame                    Hexes/Fire                   3
   e - Sticky Flame                   Conjuration/Fire             4
   f - Fireball                       Conjuration/Fire             5
 g - a book of Power

   Spells                             Type                      Level
   a - Iskenderun's Battlesphere      Conjuration/Charms           5
   b - Venom Bolt                     Conjuration/Poison           5
   c - Bolt of Magma                  Conjuration/Fire/Earth       5
   d - Iron Shot                      Conjuration/Earth            6
   e - Orb of Destruction             Conjuration                  7
   f - Spellforged Servitor           Conjuration/Summoning        7
 n - a book of Callings

   Spells                             Type                      Level
   a - Summon Small Mammal            Summoning                    1
   b - Call Imp                       Summoning                    2
   c - Call Canine Familiar           Summoning                    3
   d - Summon Guardian Golem          Hexes/Summoning              3
   e - Summon Lightning Spire         Summoning/Air                4
   f - Summon Ice Beast               Ice/Summoning                4
 T - a book of Clouds

   Spells                             Type                      Level
   a - Poisonous Vapours              Poison/Air                   2
   b - Mephitic Cloud                 Conjuration/Poison/Air       3
   c - Conjure Flame                  Conjuration/Fire             3
   d - Freezing Cloud                 Conjuration/Ice/Air          6
   e - Ring of Flames                 Charms/Fire                  7
 W - a book of Minor Magic

   Spells                             Type                      Level
   a - Magic Dart                     Conjuration                  1
   b - Blink                          Translocation                2
   c - Call Imp                       Summoning                    2
   d - Slow                           Hexes                        2
   e - Conjure Flame                  Conjuration/Fire             3
   f - Mephitic Cloud                 Conjuration/Poison/Air       3
 X - the Catalogue of Nocuous Ice
   (You found it in a labyrinth)

   Spells                             Type                      Level
   a - Poisonous Vapours              Poison/Air                   2
   b - Ozocubu's Armour               Charms/Ice                   3
   c - Summon Ice Beast               Ice/Summoning                4
   d - Metabolic Englaciation         Hexes/Ice                    5
Comestibles
 c - 15 bread rations
 x - 9 meat rations
 z - 19 fruits
 L - 4 royal jellies
 U - 5 chunks of flesh


   Skills:
 - Level 1.7 Dodging
 - Level 1.7 Stealth
 + Level 14.0 Spellcasting
 + Level 15.0 Conjurations
 - Level 14.0 Fire Magic


You had 19 spell levels left.
You knew the following spells:

 Your Spells              Type           Power        Failure   Level  Hunger
a - Flame Tongue          Conj/Fire      #####        0%          1    None
b - Conjure Flame         Conj/Fire      ######..     1%          3    None
c - Sticky Flame          Conj/Fire      ######..     1%          4    None
d - Fireball              Conj/Fire      ######....   1%          5    ###....
e - Orb of Destruction    Conj           ######....   6%          7    ######.
f - Blink                 Tloc           N/A          5%          2    None


Dungeon Overview and Level Annotations

Branches:
Dungeon (12/15)            Temple (0/1) D:4            Lair (6/6) D:10
  Swamp (0/4) Lair:2        Snake (0/4) Lair:4        Slime (0/5) Lair:6
    Orc (0/2) D:12

Altars:
Cheibriados
Elyvilon
Fedhas
Gozag
Hepliaklqana
Makhleb
Okawaru
Qazlal
Sif Muna
Trog
Vehumet
Yredelemnul
Zin
The Shining One
Jiyva

Shops:
D:9 (   D:12 *


Innate Abilities, Weirdness & Mutations

You have hoof-like feet.
You are surrounded by a moderate repulsion field. (EV +3)
Your flesh is heat resistant. (rF+)
Your demonic aura causes spilled blood to erupt in flames.
When hurt, damage is shared between your health and your magic reserves.
You are immune to clouds of flame.
Your skin changes colour to match your surroundings (Stealth+).
Your mind is acute. (Int +2)
You have an increased reservoir of magic. (+10% MP)


Message History

The soldier ant misses you. The soldier ant stings you!
You are more poisoned.
The soldier ant poisons you! The soldier ant barely misses you.
The soldier ant stings you! The soldier ant completely misses you.
You riposte.
You hit the soldier ant but do no damage.
The soldier ant stings you!
* * * LOW HITPOINT WARNING * * *
You are more poisoned.
The soldier ant poisons you!
You are too injured to fight recklessly!
Unknown command.
As you read the scroll of teleportation, it crumbles to dust.
You feel strangely unstable.
* * * LOW HITPOINT WARNING * * *
You feel very sick. The soldier ant completely misses you.
The soldier ant stings you!
* * * LOW HITPOINT WARNING * * *
The soldier ant is engulfed in blazing flames.
The soldier ant stings you.
You die...

## ### ##.##..###
.....)...## ### ###
.#..[.....###.# ####.##
..#...........###.P...####
...........#...†a.....P..#
...P.........†aaaa.......#
#......†......#a@.......##
.......†.†....####....#.#
.......†####.## ##.....#
....#....# #.# #......##
.....P..## P.. ##..#...##
....†...# #.... ##.#P...#
...).#.#. ...... ##....P.##
....###..................##
..P# .... ..#..#....#...#


You could see an entropy weaver and 5 soldier ants.

Vanquished Creatures
  Gastronok (D:10)
  A minotaur (Lab)
  8 hydras
  Erica (D:8)
  2 two-headed ogres
  9 death yaks
  The ghost of ShadedKnight the Magician, a novice GnSk of Makhleb (D:10)
  Urug (Lair:5)
  An unseen horror (D:12)
  A necromancer (IceCv)
  Pikel (D:8)
  An ugly thing (D:11)
  2 manticores
  An orc sorcerer (D:12)
  A cyclops (D:11)
  9 elephants
  6 black mambas
  A guardian serpent (D:11)
  Maurice (D:10)
  A gargoyle (D:9)
  10 spiny frogs
  A torpor snail (Lair:3)
  4 ice statues (IceCv)
  The ghost of Dfrag the Firebug, a novice DsFE (D:4)
  6 kobold demonologists (D:11)
  2 rime drakes
  5 ice devils (IceCv)
  3 komodo dragons
  2 trolls (D:12)
  A polar bear (Lair:4)
  3 hornets (Lair:6)
  Grinder (D:5)
  6 slime creatures (D:12)
  13 hippogriffs
  11 dream sheep (Lair:5)
  22 blink frogs
  3 vampires
  7 wyverns
  6 spriggans
  A wraith (D:10)
  6 basilisks
  2 hungry ghosts
  39 yaks
  4 vampire mosquitoes (D:12)
  4 soldier ants (Lair:6)
  4 nagas (Lair:4)
  12 water moccasins
  An acid dragon (D:12)
  A hell hound (Lair:6)
  8 orc warriors
  15 porcupines
  7 sky beasts
  3 slaves (D:8)
  A black bear (D:6)
  4 phantoms
  4 ice beasts
  10 necrophages
  16 wolves
  6 ogres
  A boggart (Lair:6)
  6 centaurs
  15 crocodiles
  15 bullfrogs
  5 big kobolds
  2 gnoll sergeants
  A wyvern skeleton (D:9)
  A scorpion (D:8)
  5 killer bees (D:11)
  9 wights
  2 electric eels
  3 howler monkeys
  8 crimson imps
  3 draconian simulacra (IceCv)
  A bullfrog zombie (D:8)
  7 hounds
  3 jellies
  A centaur skeleton (D:11)
  10 orc priests
  3 bullfrog skeletons (D:5)
  11 orc wizards
  An iguana (D:10)
  10 worker ants
  A spriggan simulacrum (IceCv)
  2 troll simulacra (IceCv)
  8 ogre zombies (D:12)
  A centaur simulacrum (IceCv)
  A hound zombie (D:7)
  A mummy (D:10)
  A hound skeleton (D:9)
  A howler monkey zombie (D:6)
  A worker ant zombie (D:10)
  17 gnolls
  A howler monkey skeleton (D:5)
  2 naga simulacra (IceCv)
  12 adders
  An ogre simulacrum (IceCv)
  3 shadow imps
  An ooze (D:1)
  An adder zombie (D:5)
  An adder skeleton (D:6)
  8 worms
  7 leopard geckos
  38 orcs
  5 bats
  8 giant cockroaches
  7 goblins
  6 hobgoblins
  10 jackals
  15 kobolds
  9 quokkas
  A ball python (D:1)
  8 frilled lizards
  A giant cockroach zombie (D:6)
  2 gnoll zombies (D:7)
  2 goblin skeletons (D:12)
  3 goblin zombies (D:12)
  3 hobgoblin zombies (D:12)
  2 jackal zombies
  An orc skeleton (D:12)
  16 orc zombies (D:12)
  A quokka skeleton (D:9)
  7 rats
  2 fungi (Lair:6)
  16 plants
  A withered plant (D:10)
663 creatures vanquished.

Vanquished Creatures (others)
  An ogre (D:8)
  A dart slug (D:1)
  An orc (D:8)
  A bush (Lair:5)
  11 fungi
  4 plants
19 creatures vanquished.

Grand Total: 682 creatures vanquished

Notes
Turn   | Place    | Note
-------+----------+-------------------------------------------
     0 | D:1      | Dfrag the Demonspawn Fire Elementalist began the quest for the Orb.
     0 | D:1      | Reached XP level 1. HP: 13/13 MP: 3/3
   117 | D:1      | Gained mutation: You are surrounded by a mild repulsion field. (EV +2) [demonic ancestry]
   117 | D:1      | Reached XP level 2. HP: 6/19 MP: 0/5
   963 | D:2      | Reached XP level 3. HP: 19/24 MP: 0/6
  1024 | D:2      | Reached skill level 2 in Conjurations
  1457 | D:2      | Gained mutation: When hurt, damage is shared between your health and your magic reserves. [demonic ancestry]
  1457 | D:2      | Reached XP level 4. HP: 17/30 MP: 3/8
  1667 | D:2      | Found a burning altar of Makhleb.
  1667 | D:2      | Noticed a balrug
  1670 | D:2      | Noticed a ynoxinul
  1670 | D:2      | Noticed a hellwing
  1689 | D:2      | Became a worshipper of Makhleb the Destroyer
  2376 | D:3      | Found a glowing silver altar of Zin.
  2379 | D:3      | Found a bloodstained altar of Trog.
  2400 | D:3      | Learned a level 3 spell: Conjure Flame
  2405 | D:3      | Learned a level 4 spell: Sticky Flame
  2478 | D:3      | Found a deep blue altar of Sif Muna.
  2490 | D:3      | Found a snail-covered altar of Cheibriados.
  2624 | D:3      | Found a hazy altar of Hepliaklqana.
  2657 | D:2      | Gained mutation: You are surrounded by a moderate repulsion field. (EV +3) [demonic ancestry]
  2657 | D:2      | Reached XP level 5. HP: 7/35 MP: 0/9
  2914 | D:3      | Reached skill level 3 in Conjurations
  2927 | D:3      | Reached * piety under Makhleb
  3020 | D:3      | Noticed a moth of wrath
  3124 | D:3      | Found a bloodstained altar of Trog.
  3270 | D:4      | Noticed Dfrag's ghost (novice DsFE)
  3364 | D:4      | Found an iron altar of Okawaru.
  3427 | D:4      | Gained mutation: You have large cloven feet. [demonic ancestry]
  3427 | D:4      | Reached XP level 6. HP: 30/41 MP: 3/11
  3565 | D:5      | Entered Level 5 of the Dungeon
  3565 | D:5      | Noticed a sky beast
  3574 | D:5      | Killed a sky beast
  3780 | D:5      | Noticed Grinder
  3783 | D:5      | Paralysed by Grinder for 2 turns
  3788 | D:4      | Reached skill level 4 in Conjurations
  4003 | D:5      | Gained mutation: Your flesh is heat resistant. (rF+) [demonic ancestry]
  4003 | D:5      | Reached XP level 7. HP: 45/46 MP: 13/13
  4064 | D:5      | Paralysed by Grinder for 2 turns
  4071 | D:5      | Paralysed by Grinder for 7 turns
  4072 | D:5      | Killed Grinder
  4072 | D:5      | Reached skill level 5 in Fire Magic
  4201 | D:5      | Reached skill level 5 in Spellcasting
  4201 | D:5      | Reached skill level 5 in Conjurations
  4374 | D:5      | Got a pair of spiked gloves
  4380 | D:5      | Identified the +0 pair of gloves "Qayp" {+Fly rElec rC- Slay-5} (You found it on level 5 of the Dungeon)
  4428 | D:5      | Gained mutation: You are immune to clouds of flame. [demonic ancestry]
  4428 | D:5      | Reached XP level 8. HP: 52/52 MP: 15/15
  4990 | D:6      | Reached ** piety under Makhleb
  5169 | D:6      | Reached skill level 6 in Conjurations
  5265 | D:6      | Learned a level 5 spell: Fireball
  5281 | D:6      | Found a blossoming altar of Fedhas.
  5391 | D:6      | Found an opulent altar of Gozag.
  5606 | D:7      | Got a fine long sword
  5607 | D:7      | Identified the +7 long sword of Untimely Demise {slice, rC+} (You found it on level 7 of the Dungeon)
  5671 | D:7      | Reached XP level 9. HP: 57/57 MP: 18/18
  5735 | D:4      | Killed Dfrag's ghost
  5735 | D:4      | Reached skill level 7 in Conjurations
  5764 | D:4      | Found a staircase to the Ecumenical Temple.
  5838 | D:4      | Reached *** piety under Makhleb
  6251 | D:7      | Found a radiant altar of Vehumet.
  6368 | D:7      | Found a basalt altar of Yredelemnul.
  6663 | D:8      | Noticed a two-headed ogre
  6677 | D:8      | Reached skill level 8 in Conjurations
  6679 | D:8      | Noticed Erica
  6992 | D:8      | Reached XP level 10. HP: 59/63 MP: 1/21
  7052 | D:8      | Noticed Pikel
  7058 | D:8      | Killed Pikel
  7409 | D:8      | Killed Erica
  7409 | D:8      | Reached **** piety under Makhleb
  7409 | D:8      | Reached skill level 9 in Conjurations
  7562 | D:8      | Killed a two-headed ogre
  7853 | D:8      | Found a glowing golden altar of the Shining One.
  8053 | D:9      | Gained mutation: You have hoof-like feet. [mutagenic meat]
  8054 | D:9      | Gained mutation: Your skin changes colour to match your surroundings (Stealth+). [mutagenic meat]
  8055 | D:9      | Gained mutation: Your mind is acute. (Int +2) [mutagenic meat]
  8056 | D:9      | Gained mutation: You have an increased reservoir of magic. (+10% MP) [mutagenic meat]
  8198 | D:9      | Noticed a gargoyle
  8204 | D:9      | Killed a gargoyle
  8221 | D:9      | Found a stormy altar of Qazlal.
  8283 | D:9      | Found a white marble altar of Elyvilon.
  8378 | D:9      | Noticed a two-headed ogre
  8392 | D:9      | Killed a two-headed ogre
  8568 | D:9      | Gained mutation: Your demonic aura causes spilled blood to erupt in flames. [demonic ancestry]
  8568 | D:9      | Reached XP level 11. HP: 68/68 MP: 26/26
  8650 | D:9      | Found a stormy altar of Qazlal.
  8652 | D:9      | Found Cixolew's Antique Weapon Shoppe.
  8876 | D:10     | Entered Level 10 of the Dungeon
  8877 | D:10     | Noticed Maurice
  8881 | D:10     | Killed Maurice
  8881 | D:10     | Reached skill level 10 in Conjurations
  8952 | D:10     | Reached ***** piety under Makhleb
  9174 | D:10     | Found a burning altar of Makhleb.
  9285 | D:10     | Noticed Gastronok
  9328 | D:10     | Found a staircase to the Lair.
  9363 | D:10     | Found a basalt altar of Yredelemnul.
  9374 | D:10     | Noticed ShadedKnight's ghost (novice GnSk)
  9379 | D:10     | Killed ShadedKnight's ghost
  9379 | D:10     | Reached skill level 10 in Fire Magic
  9484 | D:10     | Reached skill level 10 in Spellcasting
  9886 | D:10     | Killed Gastronok
 10098 | D:11     | Reached skill level 11 in Conjurations
 10268 | D:11     | Noticed an eight-headed hydra
 10272 | D:11     | Killed an eight-headed hydra
 10343 | D:11     | Noticed a purple ugly thing
 10350 | D:11     | Killed a purple ugly thing
 10382 | D:11     | Reached XP level 12. HP: 74/74 MP: 29/29
 11039 | D:11     | Noticed a six-headed hydra
 11042 | D:11     | Killed a six-headed hydra
 11271 | D:12     | Reached skill level 12 in Conjurations
 11422 | D:12     | Found Deeckos's General Store.
 11511 | D:12     | Found a frozen archway.
 11526 | IceCv    | Entered an ice cave
 11891 | IceCv    | Reached ****** piety under Makhleb
 12481 | D:12     | Reached XP level 13. HP: 78/79 MP: 5/31
 12515 | D:12     | Found a staircase to the Orcish Mines.
 12952 | Lair:1   | Entered Level 1 of the Lair of Beasts
 14282 | Lair:2   | Reached skill level 13 in Conjurations
 14639 | Lair:2   | Found the +2 pair of boots of the Assassin {Detection Stab+ Stlth++}
 14753 | Lair:2   | Learned a level 7 spell: Orb of Destruction
 14758 | Lair:2   | Found a staircase to the Swamp.
 15313 | Lair:3   | Found a labyrinth entrance.
 15322 | Lab      | Entered a labyrinth
 15553 | Lab      | Noticed a minotaur
 15556 | Lab      | Killed a minotaur
 15571 | Lab      | Identified the Catalogue of Nocuous Ice
 16606 | Lair:4   | Found a staircase to the Snake Pit.
 16945 | Lair:4   | Reached XP level 14. HP: 85/85 MP: 34/34
 17081 | Lair:4   | Reached skill level 14 in Conjurations
 18004 | Lair:5   | Noticed Urug
 18008 | Lair:5   | Killed Urug
 18289 | Lair:5   | Learned a level 2 spell: Blink
 18689 | Lair:6   | Entered Level 6 of the Lair of Beasts
 19502 | Lair:6   | Found a staircase to the Slime Pits.
 19503 | Lair:6   | Found a viscous altar of Jiyva.
 19624 | Lair:6   | Reached skill level 15 in Conjurations
 19636 | Lair:6   | Noticed an entropy weaver
 19642 | Lair:6   | Slain by a soldier ant

Vault maps used:
D:1:      giann_wishing_wells, minmay_surrounded
D:2:      makhleb_altar_promises_db
D:3:      grunt_temple_overflow_cloverleaf, overflow_temple_1_default, tgw_trog
D:4:      okawaru_trees_2, minmay_temple_entry_glassed_door, first_bread
D:5:      dk_vineyard_2, uniq_grinder
D:6:      fedhas_altar_1, lemuel_coloured_pillars_altar
D:7:      statuecave_lemuel, vehumet_crystals, lemuel_zombie_altar_yredelemnul,
          grunt_ogre_cave
D:8:      nicolae_tso_swordbearing_angel, uniq_erica, uniq_pikel
D:9:      elyvilon_altar_5, marbit_many_paths, serial_shops, shop,
          grunt_qazlal_sundering
D:10:     minmay_lair_entry_grove, serial_undead, serial_undead_a,
          serial_undead_d, serial_undead_c, serial_undead_e, serial_undead_b,
          serial_undead_a, serial_undead_f, basic_altar,
          yredelemnul_altar_generic, uniq_maurice, uniq_gastronok
D:11:     kennysheep_cross_room, nrook_guardian_serpent_double
D:12:     zombieorc2_lemuel, portal_ice_cave_entry_pillars_1, serial_shops,
          nicolae_shop_waterfront
Lair:1:   lemuel_fruit_tree, grunt_megastairs_1
Lair:2:   swamp_mist_pool
Lair:3:   lab_entry_generic
Lair:4:   guppyfry_snake_entry_island, serial_bayou_lagoon_a,
          roderic_carrion_pond
Lair:5:   uniq_urug
Lair:6:   minmay_lair_end_enchanted_forest, slime_altar_1, special_room,
          minivault_29, grunt_megastairs_3
Lab:      labyrinth_watery, nicolae_lab_arrow, nicolae_lab_very_dead_end,
          labyrinth_skeletal_remains, nicolae_lab_stuck, lab_statue,
          nicolae_lab_statue, nicolae_lab_plus, labyrinth_lava_lair
IceCv:    ice_cave_tombish

Skill      XL: |  1  2  3  4  5  6  7  8  9 10 11 12 13 14 |
---------------+-------------------------------------------+-----
Fire Magic     | 3 4 5 6 8 9 10 12 13 14 | 14.0
Conjurations   | 2 3 4 5 6 8 9 11 12 13 15 | 15.0
Spellcasting   | 3 4 5 6 7 9 10 11 13 14 | 14.0
Dodging        | |  1.7
Stealth        | |  1.7

Action                   |  1- 3 |  4- 6 |  7- 9 | 10-12 | 13-15 || total
-------------------------+-------+-------+-------+-------+-------++-------
Melee: Unarmed           |    38 |       |       |       |       ||    38
       Dagger            |     2 |       |       |       |       ||     2
       Short sword       |    16 |    55 |    96 |       |       ||   167
       Kick              |       |     1 |    29 |    32 |    58 ||   120
       Long sword        |       |       |    42 |   130 |   178 ||   350
 Cast: Flame Tongue      |    54 |    93 |   127 |    73 |    67 ||   414
       Sticky Flame      |       |     4 |    32 |    46 |    92 ||   174
       Fireball          |       |       |    15 |   132 |   128 ||   275
       Orb of Destructio |       |       |       |       |     1 ||     1
Evoke: Phantom mirror    |       |       |       |       |     1 ||     1
  Use: Scroll            |       |       |     1 |    11 |    11 ||    23
       Potion            |       |       |       |       |     2 ||     2
 Stab: Sleeping          |     2 |     1 |       |     2 |     2 ||     7
       Distracted        |       |       |       |     3 |       ||     3
  Eat: Chunk             |     2 |     8 |    16 |    37 |    34 ||    97
       Royal jelly       |       |       |     1 |       |       ||     1
       Fruit             |       |       |       |     9 |     2 ||    11
Armor: Robe              |    19 |    24 |    20 |    43 |    54 ||   160
Dodge: Dodged            |    51 |   110 |   129 |   179 |   269 ||   738
       Rpst.: Long sword |       |       |    19 |    41 |    75 ||   135

Table legend:
 A = Spawn XP
 B = Non-spawn XP
 C = Spawn XP percentage of total XP
 D = Spawn monster count
 E = Non-spawn monster count
 F = Spawn count percentage of total count
 G = Total turns spent on level
                    A         B        C        D         E        F      G
               +---------+---------+-------+---------+---------+-------+---------
         Total |       0 |  100198 |   0.0 |       0 |     642 |   0.0 | 19642
               +---------+---------+-------+---------+---------+-------+---------
           D:1 |       0 |      33 |   0.0 |       0 |      16 |   0.0 |   947
           D:2 |       0 |      83 |   0.0 |       0 |      25 |   0.0 |  1387
           D:3 |       0 |     146 |   0.0 |       0 |      31 |   0.0 |   938
           D:4 |       0 |     731 |   0.0 |       0 |      21 |   0.0 |   619
           D:5 |       0 |    1105 |   0.0 |       0 |      22 |   0.0 |  1237
           D:6 |       0 |     881 |   0.0 |       0 |      33 |   0.0 |   611
           D:7 |       0 |    1246 |   0.0 |       0 |      17 |   0.0 |  1019
           D:8 |       0 |    4361 |   0.0 |       0 |      46 |   0.0 |  1221
           D:9 |       0 |    2802 |   0.0 |       0 |      29 |   0.0 |   897
          D:10 |       0 |    7314 |   0.0 |       0 |      45 |   0.0 |  1254
          D:11 |       0 |    9457 |   0.0 |       0 |      55 |   0.0 |  1152
          D:12 |       0 |    7477 |   0.0 |       0 |      69 |   0.0 |   842
        Lair:1 |       0 |    4401 |   0.0 |       0 |      20 |   0.0 |  1303
        Lair:2 |       0 |    7209 |   0.0 |       0 |      30 |   0.0 |  1014
        Lair:3 |       0 |    9000 |   0.0 |       0 |      25 |   0.0 |  1290
        Lair:4 |       0 |   12444 |   0.0 |       0 |      47 |   0.0 |  1071
        Lair:5 |       0 |   10504 |   0.0 |       0 |      29 |   0.0 |  1008
        Lair:6 |       0 |   15608 |   0.0 |       0 |      61 |   0.0 |   738
           Lab |       0 |    1051 |   0.0 |       0 |       1 |   0.0 |   266
         IceCv |       0 |    4345 |   0.0 |       0 |      20 |   0.0 |   828
               +---------+---------+-------+---------+---------+-------+---------
